 Dungeon Crawl Stone Soup version 0.19.1 (webtiles) character file.

70935 Gargoyl the Severer (level 15, -4/132 HPs)
             Began as a Ghoul Abyssal Knight on Dec 17, 2016.
             Was the Champion of Lugonu.
             Slain by a killer bee (5 damage)
             ... on level 12 of the Dungeon.
             The game lasted 00:57:48 (20329 turns).

Gargoyl the Severer (Ghoul Abyssal Knight)         Turns: 20329, Time: 00:57:49

Health: -4/132     AC: 28    Str: 26    XL:     15   Next: 34%
Magic:  19/23      EV: 15    Int:  7    God:    Lugonu [******]
Gold:   683        SH:  0    Dex: 13    Spells: 0 memorised, 14 levels left

rFire  + . .     SeeInvis .     y - +9 battleaxe (chaos)
rCold  + . .     Gourm    .     z - +2 chain mail of Wasted Space {rF+ Slay+3 Stlth+}
rNeg   + + +     Faith    .     (shield currently unavailable)
rPois  ∞         Spirit   .     J - +2 helmet of the Kraken {Dex+2}
rElec  .         Reflect  .     d - +2 cloak
rCorr  .         Harm     .     G - +2 pair of gloves of Limited Liability {Str+4}
MR     +....                    I - +2 pair of boots {Fly}
Stlth  ..........               s - amulet of regeneration
                                j - +2 ring of strength
                                f - +4 ring of evasion

@: flying, rotting
A: rotting body, claws 1, carnivore 3, cold resistance 1, negative energy
resistance 3, slow regeneration 1, torment resistance, unbreathing
a: Depart the Abyss, Bend Space, Banish, Corrupt, Enter the Abyss, Brand Weapon
With Distortion, Renounce Religion, Stop Flying


You were on level 12 of the Dungeon.
You worshipped Lugonu.
Lugonu was exalted by your worship.
You were not hungry.

You visited 2 branches of the dungeon, and saw 21 of its levels.
You visited the Abyss 1 time.
You also visited: Sewer and Ossuary.

You collected 1663 gold pieces.
You spent 980 gold pieces at shops.

Inventory:

Hand Weapons
 a - a +1 hand axe
 e - a +0 battleaxe
 y - a +9 battleaxe of chaos (weapon)
 L - a +5 great mace
Missiles
 F - 15 javelins (quivered)
Armour
 d - a +2 cloak (worn)
 z - the +2 chain mail of Wasted Space (worn) {rF+ Slay+3 Stlth+}
   (You bought it in a shop on level 14 of the Dungeon)

   It affects your accuracy and damage with ranged weapons and melee attacks
   (+3).
   It protects you from fire.
   It makes you more stealthy.
 D - a +2 pair of gloves of dexterity
 G - the +2 pair of gloves of Limited Liability (worn) {Str+4}
   (You found it on level 13 of the Dungeon)

   It affects your strength (+4).
 I - a +2 pair of boots of flying (worn)
 J - the +2 helmet of the Kraken (worn) {Dex+2}
   (You found it on level 3 of the Lair of Beasts)

   It affects your dexterity (+2).
Jewellery
 f - a +4 ring of evasion (left hand)
 g - an uncursed ring of protection from fire
 j - a +2 ring of strength (right hand)
 m - an uncursed ring of see invisible
 s - an amulet of regeneration (around neck)
 Q - an uncursed ring of protection from fire
 S - an uncursed ring of protection from magic
Wands
 i - a wand of polymorph (24/24)
 p - a wand of slowing (29/48)
 x - a wand of digging (9/24)
 C - a wand of random effects (26/48)
 E - a wand of flame (17/48)
Scrolls
 k - 4 scrolls of identify
 q - 8 scrolls of remove curse
 v - 4 scrolls of teleportation
 O - 3 scrolls of fog
 R - 3 scrolls of magic mapping
 T - 2 scrolls of blinking
 Y - a scroll of recharging
Potions
 b - 2 potions of invisibility
 l - 5 potions of agility
 n - a potion of might
 r - a potion of ambrosia
 t - 2 potions of haste
 u - 10 potions of curing
 A - a potion of resistance
 B - a potion of brilliance
 H - a potion of cancellation
Miscellaneous
 V - a sack of spiders
Comestibles
 c - 10 meat rations
 h - 9 chunks of flesh
 o - 2 slices of pizza
 w - 2 beef jerkies


   Skills:
 + Level 11.9 Fighting
 + Level 15.2 Axes
 + Level 1.2(10.3) Maces & Flails
 + Level 0.1 Throwing
 * Level 12.3 Armour
 + Level 3.7 Dodging
 * Level 12.2 Invocations
 + Level 0.1 Evocations


You had 14 spell levels left.
You didn't know any spells.

Dungeon Overview and Level Annotations

Branches:
Dungeon (15/15)            Temple (0/1) D:7            Lair (6/6) D:10
  Swamp (0/4) Lair:3       Spider (0/4) Lair:3        Slime (0/5) Lair:5
    Orc (0/2) D:12         Vaults (0/5) D:13
 Depths: D:15

Altars:
Ashenzari
Gozag
Ru
Trog
Uskayaw
Vehumet
Zin
Jiyva

Shops:
D:14 [

Annotations:
D:13 Kirke


Innate Abilities, Weirdness & Mutations

Your body is rotting away.
You thrive on raw meat.
You are immune to poison.
You have sharp fingernails.
You are carnivorous and can eat meat at any time.
Your flesh is cold resistant. (rC+)
You are immune to negative energy. (rN+++)
You regenerate slowly when monsters are visible.
You are immune to unholy pain and torment.
You can survive without breathing.


Message History

The meliai completely misses you. The killer bee stings you.
* * * LOW HITPOINT WARNING * * *
You feel better. The meliai hits you with a hand axe.
* * * LOW HITPOINT WARNING * * *
The meliai stings you but does no damage.
The meliai completely misses you. The meliai closely misses you.
The killer bee misses you.
Press: ? - help, Shift-Dir - straight line, f - meliai
Aim: a meliai, wielding a hand axe and wearing a robe (heavily wounded, chance to defeat MR: 87%)
The meliai barely resists.
You feel somewhat more hungry. The killer bee barely misses you.
The meliai calls down the wrath of its god upon you.
Something smites you!
* * * LOW HITPOINT WARNING * * *
The killer bee misses you.
The meliai calls down the wrath of its god upon you.
Something smites you!
* * * LOW HITPOINT WARNING * * *
The killer bee stings you.
You die...

#%y #y. yy #### #y #... #y##
#####..# #yy# #.....%. #.
##y##..#...# #.#
##########y@y..##..# #.#
#..........#.####.### ###.#
#........###.....)..####....
#........# #........#....##.
#........# #^.........###...
####)##### #.........###..#.
#.# ####....#.#......##.
###.####...........########
##...#..........#.### ####..


You could see 3 meliai and 8 killer bees.

Vanquished Creatures
  2 dire elephants
  Snorg (Lair:4)
  The ghost of humperndinck the Fighter, a journeyman DsMo of Sif Muna (D:11)
  Harold (Lair:3)
  2 hydras (Lair:6)
  A catoblepas (Lair:6)
  5 centaur warriors
  10 death yaks
  A deep troll shaman (Lair:6)
  The ghost of TheForgottenOwl the Carver, a novice MiFi of Okawaru (D:9)
  Nergalle (Lair:1)
  Sonja (D:14)
  4 skeletal warriors (D:14)
  An orange crystal statue (D:14)
  2 hill giants
  3 ugly things (D:14)
  A wolf spider (D:15)
  A cyclops (D:11)
  A torpor snail (Lair:6)
  2 centaur zombies
  2 black mambas
  27 elephants
  9 spiny frogs
  3 gargoyles
  3 rime drakes
  4 centaur skeletons
  A kobold demonologist (D:15)
  An efreet (D:15)
  6 komodo dragons
  3 polar bears
  A troll (D:9)
  A queen bee (D:12)
  2 blink frogs (shapeshifter) (D:13)
  A hornet (D:7)
  A two-headed ogre (D:9)
  3 slime creatures (D:14)
  5 dream sheep (Lair:6)
  9 hippogriffs
  12 blink frogs
  3 redbacks (Lair:3)
  A wyvern (D:11)
  A redback (shapeshifter) (D:13)
  2 spriggans
  8 hogs
  31 yaks
  The ghost of TheForgottenOwl the Slasher, an amateur MiFi (Ossuary)
  2 humans
  4 basilisks
  3 vampire mosquitoes (Lair:1)
  2 insubstantial wisps
  A water moccasin (Lair:1)
  A soldier ant (D:13)
  8 porcupines
  A swamp drake (Lair:1)
  An eye of draining (D:8)
  3 ice beasts
  3 orc warriors
  A sky beast (D:5)
  6 black bears
  6 ogres
  31 wolves
  11 centaurs
  10 crocodiles
  3 big kobolds
  20 bullfrogs
  A wyvern zombie (D:6)
  A water moccasin zombie (D:6)
  2 scorpions (D:10)
  14 killer bees
  11 wights
  An electric eel (Lair:3)
  9 howler monkeys
  6 crimson imps
  A bullfrog zombie (D:5)
  5 hounds
  3 jellies
  8 bullfrog skeletons
  5 orc priests
  11 orc wizards
  3 iguanas
  3 worker ants
  A hound zombie (D:10)
  A hound skeleton (D:4)
  8 mummies (Ossuary)
  A howler monkey zombie (D:7)
  2 howler monkey skeletons
  9 river rats (Sewer)
  15 adders
  2 shadow imps
  2 oozes
  2 adder skeletons
  2 worms
  A dart slug (D:2)
  4 leopard geckos
  26 orcs
  7 giant cockroaches
  2 gnoll zombies
  6 goblins
  2 hobgoblins
  10 jackals
  24 kobolds
  3 quokkas
  12 ball pythons
  A ball python skeleton (D:4)
  6 bats
  5 frilled lizards
  A goblin zombie (D:8)
  4 hobgoblin zombies (Ossuary)
  A jackal skeleton (D:4)
  A kobold zombie (Ossuary)
  A leopard gecko skeleton (D:7)
  2 orc zombies (Ossuary)
  27 rats
  2 bushes (D:15)
  6 fungi
  5 plants
588 creatures vanquished.

Vanquished Creatures (others)
  A dire elephant (Lair:5)
  4 hydras
  2 death yaks (Lair:4)
  A centaur skeleton (D:15)
  A spatial vortex (D:15)
  2 electric eels (Lair:3)
  4 bushes
  17 fungi
  4 plants
36 creatures vanquished.

Grand Total: 624 creatures vanquished

Notes
Turn   | Place    | Note
-------+----------+-------------------------------------------
     0 | Abyss:1  | Gargoyl the Ghoul Abyssal Knight began the quest for the Orb.
     0 | Abyss:1  | Reached XP level 1. HP: 19/19 MP: 1/1
    41 | Abyss:2  | Found a corrupted altar of Lugonu.
    96 | Abyss:2  | Noticed a glowing orange brain
   106 | Abyss:2  | Noticed a thrashing horror
   107 | Abyss:2  | Noticed an iron imp
   108 | Abyss:2  | Noticed a thrashing horror
   110 | D:1      | Escaped the Abyss
   403 | D:1      | Reached * piety under Lugonu
   413 | D:1      | Reached XP level 2. HP: 23/26 MP: 2/2
   924 | D:2      | Reached skill level 1 in Dodging
   996 | D:2      | Reached XP level 3. HP: 30/33 MP: 3/3
  1033 | D:2      | Reached skill level 2 in Axes
  1317 | D:2      | Reached XP level 4. HP: 36/40 MP: 4/4
  1947 | D:3      | Found a glowing silver altar of Zin.
  1948 | D:3      | Found an opulent altar of Gozag.
  2024 | D:3      | Reached ** piety under Lugonu
  2032 | D:3      | Reached XP level 5. HP: 35/46 MP: 4/6
  2087 | D:3      | Noticed an ogre
  2100 | D:3      | Killed an ogre
  2171 | D:3      | Found a sacrificial altar of Ru.
  2212 | D:3      | Reached XP level 6. HP: 53/53 MP: 7/7
  2474 | D:4      | Reached skill level 3 in Axes
  3299 | D:4      | Noticed an orc warrior
  3542 | D:3      | Killed an orc warrior
  3542 | D:3      | Reached XP level 7. HP: 12/60 MP: 8/8
  4324 | D:5      | Entered Level 5 of the Dungeon
  4585 | D:5      | Reached skill level 4 in Axes
  4788 | D:5      | Noticed a naga
  4788 | D:5      | an ogre changed into a naga
  4793 | D:5      | Reached skill level 5 in Fighting
  4800 | D:5      | Noticed a human
  4800 | D:5      | a naga changed into a human
  4818 | D:5      | Killed a human
  4818 | D:5      | Reached XP level 8. HP: 43/68 MP: 10/10
  5083 | D:5      | Reached skill level 5 in Armour
  5198 | D:6      | Reached *** piety under Lugonu
  5247 | D:6      | Reached skill level 5 in Axes
  5258 | D:6      | Found a hide-covered altar of Uskayaw.
  5259 | D:6      | Found a shattered altar of Ashenzari.
  5429 | D:6      | Found a glowing drain.
  5488 | Sewer    | Entered a sewer
  5861 | Sewer    | Reached **** piety under Lugonu
  6391 | D:6      | Reached skill level 5 in Invocations
  6440 | D:6      | Reached XP level 9. HP: 73/75 MP: 11/11
  6565 | D:5      | Reached skill level 6 in Axes
  7445 | D:7      | Found a staircase to the Ecumenical Temple.
  7568 | D:7      | Reached skill level 7 in Axes
  7618 | D:7      | Found a radiant altar of Vehumet.
  8122 | D:8      | Noticed a hornet
  8167 | D:7      | Reached XP level 10. HP: 68/84 MP: 13/13
  8189 | D:8      | Reached skill level 8 in Axes
  8215 | D:8      | Reached ***** piety under Lugonu
  8426 | D:8      | Identified a scroll of acquirement
  8465 | D:8      | Found a sand-covered staircase.
  8481 | Ossuary  | Entered an ossuary
  8530 | Ossuary  | Noticed TheForgottenOwl's ghost (amateur MiFi)
  8550 | Ossuary  | Killed TheForgottenOwl's ghost
  8955 | D:9      | Noticed TheForgottenOwl's ghost (novice MiFi)
  8969 | D:9      | Killed TheForgottenOwl's ghost
  9071 | D:9      | Found a bloodstained altar of Trog.
  9523 | D:9      | Reached skill level 9 in Axes
  9668 | D:10     | Entered Level 10 of the Dungeon
  9810 | D:10     | Noticed a hill giant
  9851 | D:9      | Killed a hill giant
  9851 | D:9      | Reached XP level 11. HP: 70/94 MP: 15/15
 10126 | D:10     | Found a staircase to the Lair.
 10234 | Lair:1   | Entered Level 1 of the Lair of Beasts
 10238 | Lair:1   | Noticed Nergalle
 10261 | Lair:1   | Killed Nergalle
 10452 | Lair:1   | Reached skill level 10 in Axes
 10675 | Lair:1   | Noticed a seven-headed hydra
 10932 | D:10     | Banished a seven-headed hydra
 11225 | Lair:1   | Found a glowing silver altar of Zin.
 11368 | Lair:1   | Reached skill level 11 in Axes
 11368 | Lair:1   | Reached XP level 12. HP: 63/103 MP: 17/17
 12006 | Lair:2   | Reached ****** piety under Lugonu
 12543 | Lair:3   | Found a hole to the Spider Nest.
 12650 | Lair:3   | Noticed Harold
 12666 | Lair:3   | Killed Harold
 12671 | Lair:3   | Reached skill level 12 in Axes
 12932 | Lair:3   | Found a staircase to the Swamp.
 12957 | Lair:3   | Got a dazzling helmet
 12958 | Lair:3   | Identified the +2 helmet of the Kraken {Dex+2} (You found it on level 3 of the Lair of Beasts)
 13618 | Lair:4   | Noticed a death yak
 13618 | Lair:4   | Noticed a death yak
 13618 | Lair:4   | Noticed a death yak
 13627 | Lair:4   | Noticed a death yak
 13646 | Lair:3   | Killed a death yak
 13762 | Lair:4   | Banished a death yak
 13764 | Lair:4   | HP: 2/106 [death yak (18)]
 14163 | Lair:4   | Reached skill level 10 in Armour
 14301 | Lair:4   | Banished a death yak
 14301 | Lair:4   | Reached XP level 13. HP: 100/113 MP: 7/19
 14307 | Lair:4   | Reached skill level 10 in Fighting
 14307 | Lair:4   | Reached skill level 10 in Invocations
 14709 | Lair:5   | Noticed Snorg
 14739 | Lair:4   | HP: 4/113 [Snorg (9)]
 14765 | Lair:4   | HP: 4/113 [Snorg (2)]
 14768 | Lair:4   | Killed Snorg
 14948 | Lair:5   | Found a staircase to the Slime Pits.
 14949 | Lair:5   | Found a viscous altar of Jiyva.
 15335 | Lair:5   | Reached skill level 13 in Axes
 15358 | Lair:5   | Noticed a dire elephant
 15389 | Lair:5   | Banished a dire elephant
 15928 | Lair:6   | Entered Level 6 of the Lair of Beasts
 16109 | Lair:6   | Reached XP level 14. HP: 89/122 MP: 21/21
 16594 | Lair:5   | Reached skill level 1 in Maces & Flails
 16818 | Lair:6   | Reached skill level 14 in Axes
 16970 | Lair:6   | Noticed a dire elephant
 16979 | Lair:6   | Killed a dire elephant
 17484 | D:11     | Noticed humperndinck's ghost (journeyman DsMo)
 17497 | D:11     | Killed humperndinck's ghost
 18412 | D:12     | You are sucked into a shaft for 3 floors!
 18412 | D:15     | Entered Level 15 of the Dungeon
 18996 | D:15     | Noticed a dire elephant
 19064 | D:14     | Found Voukhiull's Armour Shop.
 19069 | D:14     | Bought the +2 chain mail of Wasted Space {rF+ Slay+3 Stlth+} for 658 gold pieces
 19069 | D:14     | Bought a +2 pair of gloves of dexterity for 322 gold pieces
 19204 | D:14     | Reached XP level 15. HP: 101/130 MP: 0/22
 19695 | D:14     | You are sucked into a shaft!
 19704 | D:15     | Reached skill level 15 in Axes
 19737 | D:14     | Noticed Sonja
 19747 | D:14     | Killed Sonja
 19877 | D:13     | Found a gate to the Vaults.
 19901 | D:13     | Noticed Kirke
 19982 | D:13     | Got a pair of twisted gloves
 19990 | D:13     | Identified the +2 pair of gloves of Limited Liability {Str+4} (You found it on level 13 of the Dungeon)
 20084 | D:12     | Found a staircase to the Orcish Mines.
 20329 | D:12     | HP: 1/132 [meliai/divine providence (8)]
 20329 | D:12     | Slain by a killer bee

Skill      XL: |  1  2  3  4  5  6  7  8  9 10 11 12 13 14 15 |
---------------+----------------------------------------------+-----
Armour         | 2 3 4 5 6 8 9 10 11 12 | 12.3
Dodging        | 1 2 3 |  3.7
Axes           | 2 3 4 5 7 9 11 12 13 14 15 | 15.2
Fighting       | 4 5 6 7 8 9 10 11 | 11.9
Invocations    | 3 4 5 6 7 8 9 11 12 | 12.2
Maces & Flails | 1 |  1.2
Throwing       | |  0.1
Evocations     | |  0.1

Action                   |  1- 3 |  4- 6 |  7- 9 | 10-12 | 13-15 || total
-------------------------+-------+-------+-------+-------+-------++-------
Melee: Hand axe          |   116 |   214 |   498 |       |       ||   828
       Battleaxe         |       |       |    94 |   598 |   731 ||  1423
       Great mace        |       |       |       |       |    14 ||    14
Throw: Javelin           |       |       |       |     4 |       ||     4
Invok: Depart the Abyss  |     1 |       |       |       |       ||     1
       Bend Space        |       |     1 |     1 |       |       ||     2
       Banish            |       |       |       |    11 |     6 ||    17
Evoke: Wand              |       |       |     2 |       |       ||     2
  Use: Scroll            |     3 |     2 |    15 |    13 |    12 ||    45
       Potion            |       |     6 |       |    10 |     5 ||    21
 Stab: Paralysed         |       |     1 |       |       |     7 ||     8
       Invisible         |       |     4 |       |       |       ||     4
       Petrified         |       |       |       |       |     3 ||     3
       Confused          |       |       |       |       |     3 ||     3
  Eat: Chunk             |     9 |    23 |    49 |   107 |   168 ||   356
       Meat ration       |       |       |       |       |     1 ||     1
Armor: Leather armour    |    17 |       |       |       |       ||    17
       Ring mail         |    42 |    96 |       |       |       ||   138
       Plate armour      |       |       |   518 |   651 |   537 ||  1706
       Chain mail        |       |       |       |       |   250 ||   250
Dodge: Dodged            |   109 |   223 |   401 |   549 |   587 ||  1869
